 Dungeon Crawl Stone Soup version 0.26-a0-830-g2a559e7be2 (webtiles) character file.

Game seed: 15587919724804150721

17 Barion the Digger (level 2, -1/15 HPs)
             Began as a Gargoyle Earth Elementalist on Nov 15, 2020.
             Slain by a centaur skeleton (6 damage)
             ... on level 2 of the Dungeon.
             The game lasted 00:01:56 (587 turns).

Barion the Digger (Gargoyle Earth Elementalist)      Turns: 587, Time: 00:01:57

Health: -1/15      AC:  4    Str: 11    XL:     2   Next: 62%
Magic:  2/5        EV: 12    Int: 15    God:
Gold:   69         SH:  0    Dex: 10    Spells: 5/6 levels left

rFire    . . .     SeeInvis .   d - +0 hand axe
rCold    . . .     Faith    .   (no shield)
rNeg     + . .     Spirit   .   c - +0 robe
rPois    ∞         Reflect  .   (no helmet)
rElec    +         Harm     .   (no cloak)
rCorr    .         Rampage  .   (no gloves)
MR       .....                  (no boots)
Stlth    ++........             (no amulet)
HPRegen  0.05/turn              (no ring)
MPRegen  0.09/turn              (no ring)

@: no status effects
A: negative energy resistance 1, electricity resistance, unbreathing,
petrification resistance, rot immunity, AC +2
a: no special abilities


You were on level 2 of the Dungeon.
You visited 1 branch of the dungeon, and saw 2 of its levels.

You collected 69 gold pieces.

Inventory:

Hand Weapons
 d - a +0 hand axe (weapon)
Missiles
 b - 17 stones (quivered)
Armour
 c - a +0 robe (worn)
Scrolls
 a - 3 scrolls of fog {unknown}


   Skills:
 - Level 1.5 Dodging
 - Level 2.1 Stealth
 + Level 2.5 Spellcasting
   Level 0.7 Transmutations
 + Level 4.2 Earth Magic


You had 5 spell levels left.
You knew the following spells:

 Your Spells              Type           Power        Failure   Level
a - Sandblast             Erth           ##....       3%          1

Your spell library contained the following spells:

 Spells                   Type           Power        Failure   Level
 Passwall                 Tmut/Erth      #.......     12%         2
 Stone Arrow              Conj/Erth      #.....       26%         3
 Petrify                  Tmut/Erth      #.......     58%         4
 Lee's Rapid Deconstruct  Erth           ##........   71%         5


Dungeon Overview and Level Annotations

Branches:
Dungeon (2/15)

Altars:


Innate Abilities, Weirdness & Mutations

You are resistant to torment.
Your stone body is resilient. (AC +2)
You are immune to poison.
You resist negative energy. (rN+)
You are resistant to electric shocks. (rElec)
You can survive without breathing.
You are immune to petrification.
You are immune to rotting.


Message History

Unknown command.
Casting: Sandblast (safe; 3% risk of failure)
Confirm with . or Enter, or press ? or * to list all spells.
Aiming: Sandblast (safe; 3% risk of failure)
Press: ? - help, Shift-Dir - straight line, f/p - centaur skeleton
Aim: a centaur skeleton (lightly damaged)
The blast of sand hits the centaur skeleton!
The centaur skeleton is heavily damaged.
b - 18 stones Unknown command.
Casting: Sandblast (safe; 3% risk of failure)
Confirm with . or Enter, or press ? or * to list all spells.
Aiming: Sandblast (safe; 3% risk of failure)
Press: ? - help, Shift-Dir - straight line, f/p - centaur skeleton
Aim: a centaur skeleton (heavily damaged)
The blast of sand hits the centaur skeleton.
The centaur skeleton is severely damaged.
b - 17 stones The centaur skeleton hits you. x2
You die...

Z. .# #
.###.#.#
......<# #
#....# #.
#######..# #.
#.......# ..
#.###.#######
....#...#Z#
........†@#
.....##.###
....# #.#
.....##.#
........#
....##..# ##
##.## #..###
#....## #


You could see a centaur skeleton.

Vanquished Creatures
  A dart slug (D:2)
  A giant cockroach (D:1)
  6 jackals
  3 bats (D:2)
  2 frilled lizards (D:2)
  A rat (D:1)
14 creatures vanquished.

Notes
Turn   | Place    | Note
-------+----------+-------------------------------------------
     0 | D:1      | Barion the Gargoyle Earth Elementalist began the quest for
                  | the Orb.
     0 | D:1      | Reached XP level 1. HP: 10/10 MP: 3/3
    63 | D:2      | Reached skill level 4 in Earth Magic
    63 | D:2      | Reached XP level 2. HP: 5/15 MP: 0/5
   587 | D:2      | Slain by a centaur skeleton

Illustrated notes

Levels and vault maps discovered:
D:1:      dpeg_arrival_simpleton_c, layout_rooms, minmay_tiny_reverse_x
D:2:      layout_rooms, general_overflow_altar

Skill      XL: |  1 |
---------------+----+-----
Earth Magic    | 4 |  4.2
Dodging        | |  1.5
Stealth        | |  2.1
Spellcasting   | |  2.5
Transmutations | |  0.7

Action                   || total
-------------------------++-------
Melee: Unarmed           ||    11
       Hand axe          ||    16
 Cast: Sandblast         ||    13
Armor: Robe              ||    34
Dodge: Dodged            ||    72

Table legend: (Time is in decaauts)
 A = Elapsed time spent in this place.
 B = Non-inter-level travel time spent in this place.
 C = Inter-level travel time spent in this place.
 D = Time resting spent in this place.
 E = Time spent auto-exploring this place.
 F = Levels seen in this place.
 G = Mean time per level.
                   A        B        C        D        E       F      G
               +--------+--------+--------+--------+--------+-----+--------+
         Total |    591 |    591 |      0 |    405 |     16 |   2 |  295.5 |
       Dungeon |    591 |    591 |      0 |    405 |     16 |   2 |  295.5 |
               +--------+--------+--------+--------+--------+-----+--------+

Top non-repeatable levels by time:
     D:2: 530 daAuts
     D:1: 61 daAuts
